[ AOE2 MATCH · #505423666 ]
UnrankedBohemians vs Malay
Player's team · WIN
Rival team · LOSS
[ REPLAY ANALYSIS · EXTRACTED FROM THE RECORDED GAME ]
Feudal
12:04
Castle
15:39
Imperial
—
| APM avg | 85.3 |
| APM peak | 156 |
| eAPM avg | 37.1 |
| Villagers / military | 63 / 44 |
Focus
⚔️ 41.0% · 🌾 59.0%
Hand Cannoneer ×32 · Mangonel ×10 · Monk ×1 · Scorpion ×1
Feudal
11:29
Castle
20:21
Imperial
—
| APM avg | 57.6 |
| APM peak | 124 |
| eAPM avg | 25.3 |
| Villagers / military | 59 / 37 |
Focus
⚔️ 38.7% · 🌾 61.3%
Archer ×26 · Militia ×6 · Mangonel ×4 · Spearman ×1
Match map
Initial resources + every placement click. Lines = walls · curves = elevation contours. ◆ gold · ⬟ stone · ● berries · ✦ relic · ◌ wall gap
Your base· Open — 5t gap
flightlessbird's base· ✓ Closed at 20:21 · 62t walls · 1 gate(s)
Smoothed initial terrain · ◌ = detected wall gap · hover for details
Inputs per minute
— VIT Liereyy - - flightlessbird
Build order — VIT Liereyy
First 150 of 204 actions detected
| 0:00 | Create | Villager (Male) |
| 0:01 | Create | Villager (Male) |
| 0:02 | Build | House |
| 0:02 | Build | House |
| 0:08 | Create | Villager (Male) |
| 0:08 | Create | Villager (Male) |
| 0:08 | Create | Villager (Male) |
| 1:23 | Create | Villager (Male) |
| 1:23 | Create | Villager (Male) |
| 1:51 | Create | Villager (Male) |
| 1:52 | Create | Villager (Male) |
| 1:53 | Build | Lumber Camp |
| 2:19 | Create | Villager (Male) |
| 2:20 | Create | Villager (Male) |
| 2:45 | Create | Villager (Male) |
| 2:45 | Create | Villager (Male) |
| 3:07 | Create | Villager (Male) |
| 3:07 | Create | Villager (Male) |
| 3:25 | Build | House |
| 3:33 | Create | Villager (Male) |
| 3:33 | Create | Villager (Male) |
| 3:47 | Build | Mill |
| 4:02 | Create | Villager (Male) |
| 4:02 | Create | Villager (Male) |
| 4:15 | Create | Villager (Male) |
| 4:33 | Create | Villager (Male) |
| 4:39 | Research | Loom |
| 4:39 | Research | Loom |
| 4:40 | Build | House |
| 5:01 | Create | Villager (Male) |
| 5:02 | Create | Villager (Male) |
| 5:36 | Create | Villager (Male) |
| 5:37 | Build | Mill |
| 5:49 | Create | Villager (Male) |
| 6:13 | Create | Villager (Male) |
| 6:13 | Create | Villager (Male) |
| 6:14 | Create | Villager (Male) |
| 6:23 | Build | House |
| 7:24 | Create | Villager (Male) |
| 7:59 | Build | Farm |
| 8:00 | Build | Farm |
| 8:07 | Create | Villager (Male) |
| 8:43 | Build | House |
| 8:52 | Create | Villager (Male) |
| 9:24 | Create | Villager (Male) |
| 9:32 | Build | Palisade Wall |
| 9:33 | Build | Palisade Wall |
| 9:40 | Build | Mining Camp |
| 9:43 | Build | Palisade Wall |
| 9:45 | Build | Palisade Wall |
| 9:47 | Build | Palisade Wall |
| 9:48 | Build | Palisade Wall |
| 9:49 | Build | Palisade Wall |
| 9:52 | Build | Palisade Wall |
| 9:54 | Research | Feudal Age |
| 9:55 | Research | Feudal Age |
| 9:55 | Create | Villager (Male) |
| 9:55 | Create | Villager (Male) |
| 10:20 | Build | Palisade Wall |
| 10:22 | Build | Palisade Wall |
| 10:33 | Build | House |
| 10:46 | Build | Palisade Wall |
| 12:04 | Age | Feudal Age |
| 12:07 | Build | Blacksmith |
| 12:09 | Build | Market |
| 12:56 | Build | Farm |
| 12:59 | Research | Castle Age |
| 12:59 | Research | Castle Age |
| 12:59 | Research | Castle Age |
| 13:07 | Build | House |
| 13:10 | Build | Palisade Wall |
| 13:14 | Build | Palisade Wall |
| 13:15 | Build | Palisade Wall |
| 13:19 | Build | Palisade Wall |
| 13:24 | Build | Palisade Wall |
| 14:10 | Create | Villager (Male) |
| 14:11 | Build | Farm |
| 14:22 | Build | Farm |
| 14:23 | Create | Villager (Male) |
| 14:30 | Build | Palisade Wall |
| 14:30 | Build | Palisade Wall |
| 14:45 | Build | Farm |
| 15:04 | Research | Double-Bit Axe |
| 15:39 | Age | Castle Age |
| 15:42 | Build | University |
| 15:53 | Create | Villager (Male) |
| 16:03 | Build | Farm |
| 16:15 | Create | Villager (Male) |
| 16:17 | Build | House |
| 16:19 | Build | Farm |
| 16:30 | Build | Siege Workshop |
| 16:39 | Create | Villager (Male) |
| 16:48 | Research | Chemistry |
| 16:48 | Research | Chemistry |
| 16:48 | Research | Chemistry |
| 17:08 | Create | Scorpion |
| 17:32 | Build | Barracks |
| 17:35 | Create | Villager (Male) |
| 18:00 | Create | Villager (Male) |
| 18:14 | Build | Archery Range |
| 18:22 | Build | House |
| 18:23 | Create | Villager (Male) |
| 18:26 | Build | Farm |
| 18:35 | Build | House |
| 18:37 | Build | Palisade Wall |
| 18:56 | Build | Archery Range |
| 18:57 | Create | Hand Cannoneer |
| 18:57 | Create | Villager (Male) |
| 19:04 | Build | Farm |
| 19:23 | Create | Hand Cannoneer |
| 19:23 | Create | Villager (Male) |
| 19:24 | Build | Farm |
| 19:40 | Create | Villager (Male) |
| 19:43 | Build | Farm |
| 19:47 | Create | Hand Cannoneer |
| 19:50 | Build | House |
| 19:53 | Create | Hand Cannoneer |
| 19:59 | Build | House |
| 20:00 | Build | House |
| 20:03 | Create | Hand Cannoneer |
| 20:07 | Create | Villager (Male) |
| 20:07 | Create | Villager (Male) |
| 20:30 | Create | Hand Cannoneer |
| 20:30 | Create | Villager (Male) |
| 20:33 | Create | Mangonel |
| 20:33 | Create | Mangonel |
| 20:42 | Build | Farm |
| 20:52 | Create | Hand Cannoneer |
| 20:55 | Create | Villager (Male) |
| 21:09 | Create | Hand Cannoneer |
| 21:12 | Build | Farm |
| 21:21 | Create | Mangonel |
| 21:22 | Create | Villager (Male) |
| 21:22 | Create | Villager (Male) |
| 21:42 | Create | Hand Cannoneer |
| 21:48 | Build | Farm |
| 21:51 | Create | Villager (Male) |
| 22:13 | Create | Villager (Male) |
| 22:17 | Create | Hand Cannoneer |
| 22:23 | Build | Farm |
| 22:24 | Build | Farm |
| 22:26 | Create | Mangonel |
| 22:27 | Create | Mangonel |
| 22:31 | Create | Hand Cannoneer |
| 22:43 | Create | Hand Cannoneer |
| 22:48 | Create | Villager (Male) |
| 22:49 | Build | Farm |
| 22:57 | Build | Farm |
| 22:58 | Build | Farm |
| 23:18 | Create | Villager (Male) |
Build order — flightlessbird
First 150 of 178 actions detected
| 0:01 | Create | Villager (Male) |
| 0:02 | Create | Villager (Male) |
| 0:02 | Build | House |
| 0:04 | Build | House |
| 0:04 | Create | Villager (Male) |
| 0:04 | Create | Villager (Male) |
| 1:28 | Create | Villager (Male) |
| 1:28 | Create | Villager (Male) |
| 1:28 | Create | Villager (Male) |
| 2:00 | Create | Villager (Male) |
| 2:00 | Create | Villager (Male) |
| 2:13 | Create | Villager (Male) |
| 2:13 | Create | Villager (Male) |
| 2:48 | Build | Barracks |
| 2:50 | Create | Villager (Male) |
| 2:50 | Create | Villager (Male) |
| 3:15 | Create | Villager (Male) |
| 3:15 | Create | Villager (Male) |
| 3:20 | Build | House |
| 3:39 | Create | Villager (Male) |
| 3:44 | Create | Militia |
| 3:44 | Create | Militia |
| 4:00 | Create | Villager (Male) |
| 4:10 | Create | Militia |
| 4:18 | Build | House |
| 4:25 | Create | Villager (Male) |
| 4:35 | Create | Militia |
| 5:00 | Create | Villager (Male) |
| 5:00 | Create | Villager (Male) |
| 5:00 | Create | Villager (Male) |
| 5:04 | Create | Militia |
| 5:36 | Create | Villager (Male) |
| 5:37 | Create | Villager (Male) |
| 5:37 | Create | Villager (Male) |
| 5:45 | Build | House |
| 5:56 | Create | Villager (Male) |
| 6:30 | Build | House |
| 6:40 | Create | Villager (Male) |
| 6:43 | Build | Mill |
| 7:08 | Create | Villager (Male) |
| 7:17 | Build | House |
| 7:27 | Create | Villager (Male) |
| 7:46 | Create | Villager (Male) |
| 8:06 | Build | Lumber Camp |
| 8:33 | Create | Villager (Male) |
| 8:44 | Build | Farm |
| 8:57 | Create | Villager (Male) |
| 9:17 | Build | Palisade Wall |
| 9:20 | Research | Loom |
| 9:24 | Build | Palisade Wall |
| 10:11 | Research | Feudal Age |
| 10:11 | Research | Feudal Age |
| 10:18 | Build | Palisade Wall |
| 10:26 | Build | Mining Camp |
| 10:43 | Build | Palisade Wall |
| 11:02 | Build | Palisade Gate |
| 11:10 | Build | Palisade Wall |
| 11:16 | Build | Palisade Wall |
| 11:22 | Create | Villager (Male) |
| 11:29 | Age | Feudal Age |
| 11:32 | Research | Man-at-Arms (upgrade) |
| 11:32 | Research | Man-at-Arms (upgrade) |
| 11:33 | Research | Double-Bit Axe |
| 11:33 | Research | Double-Bit Axe |
| 11:36 | Create | Villager (Male) |
| 12:04 | Research | Arson |
| 12:11 | Create | Villager (Male) |
| 12:26 | Build | Farm |
| 12:34 | Build | House |
| 12:38 | Create | Villager (Male) |
| 12:50 | Build | Archery Range |
| 13:00 | Create | Villager (Male) |
| 13:29 | Build | Lumber Camp |
| 13:30 | Create | Villager (Male) |
| 13:34 | Build | Farm |
| 13:41 | Create | Spearman |
| 13:45 | Create | Archer |
| 13:47 | Build | Farm |
| 13:48 | Create | Villager (Male) |
| 14:05 | Create | Villager (Male) |
| 14:20 | Create | Archer |
| 14:24 | Create | Villager (Male) |
| 14:31 | Build | Farm |
| 14:33 | Build | Farm |
| 14:34 | Build | Farm |
| 14:39 | Build | Farm |
| 14:40 | Build | House |
| 14:48 | Create | Archer |
| 14:50 | Create | Villager (Male) |
| 14:54 | Build | Farm |
| 15:08 | Create | Archer |
| 15:16 | Create | Villager (Male) |
| 15:29 | Build | Farm |
| 15:30 | Build | Farm |
| 15:33 | Build | Farm |
| 15:34 | Build | Farm |
| 15:35 | Create | Archer |
| 15:49 | Create | Villager (Male) |
| 16:12 | Build | Farm |
| 16:12 | Build | Farm |
| 16:13 | Build | Farm |
| 16:13 | Build | Farm |
| 16:17 | Build | Farm |
| 16:19 | Create | Villager (Male) |
| 16:28 | Build | Blacksmith |
| 16:38 | Create | Archer |
| 16:43 | Build | Farm |
| 16:52 | Create | Villager (Male) |
| 17:09 | Build | Farm |
| 17:15 | Build | House |
| 17:17 | Create | Villager (Male) |
| 17:19 | Build | House |
| 17:42 | Build | Market |
| 17:48 | Create | Villager (Male) |
| 17:56 | Build | House |
| 18:03 | Build | House |
| 18:15 | Create | Villager (Male) |
| 18:27 | Build | Palisade Wall |
| 18:45 | Research | Castle Age |
| 18:53 | Create | Archer |
| 19:06 | Research | Horse Collar |
| 19:06 | Research | Horse Collar |
| 19:25 | Create | Archer |
| 19:37 | Build | Archery Range |
| 19:39 | Create | Archer |
| 19:54 | Research | Gold Mining |
| 19:54 | Research | Gold Mining |
| 19:58 | Create | Archer |
| 20:05 | Research | Town Watch |
| 20:21 | Age | Castle Age |
| 20:24 | Research | Crossbowman (upgrade) |
| 20:24 | Research | Crossbowman (upgrade) |
| 20:24 | Research | Fletching |
| 20:24 | Research | Fletching |
| 20:25 | Research | Fletching |
| 20:32 | Build | University |
| 20:40 | Create | Archer |
| 20:44 | Create | Villager (Male) |
| 20:59 | Research | Bodkin Arrow |
| 20:59 | Research | Bodkin Arrow |
| 21:02 | Create | Villager (Male) |
| 21:03 | Create | Villager (Male) |
| 21:03 | Create | Villager (Male) |
| 21:24 | Research | Ballistics |
| 21:24 | Research | Ballistics |
| 21:57 | Build | Market |
| 22:18 | Create | Archer |
| 22:22 | Create | Villager (Male) |
| 22:30 | Research | Wheelbarrow |
| 22:30 | Research | Wheelbarrow |
Match timeline
| 2:48 | flightlessbird · first_building Barracks |
| 9:17 | flightlessbird · wall_segment Palisade Wall x24 |
| 9:24 | flightlessbird · wall_segment Palisade Wall x15 |
| 9:32 | VIT Liereyy · wall_segment Palisade Wall x1 |
| 9:33 | VIT Liereyy · wall_segment Palisade Wall x1 |
| 9:43 | VIT Liereyy · wall_segment Palisade Wall x1 |
| 9:45 | VIT Liereyy · wall_segment Palisade Wall x1 |
| 9:47 | VIT Liereyy · wall_segment Palisade Wall x1 |
| 9:48 | VIT Liereyy · wall_segment Palisade Wall x1 |
| 9:49 | VIT Liereyy · wall_segment Palisade Wall x1 |
| 9:52 | VIT Liereyy · wall_segment Palisade Wall x1 |
| 10:18 | flightlessbird · wall_segment Palisade Wall x5 |
| 10:20 | VIT Liereyy · wall_segment Palisade Wall x1 |
| 10:22 | VIT Liereyy · wall_segment Palisade Wall x1 |
| 10:43 | flightlessbird · wall_segment Palisade Wall x4 |
| 10:46 | VIT Liereyy · wall_segment Palisade Wall x1 |
| 11:10 | flightlessbird · wall_segment Palisade Wall x5 |
| 11:16 | flightlessbird · wall_segment Palisade Wall x9 |
| 11:29 | flightlessbird · age_up feudal |
| 12:04 | VIT Liereyy · age_up feudal |
| 12:50 | flightlessbird · first_building Archery Range |
| 12:58 | VIT Liereyy · first_market_sell 100 stone |
| 12:58 | VIT Liereyy · first_market_buy 100 food |
| 13:10 | VIT Liereyy · wall_segment Palisade Wall x1 |
| 13:14 | VIT Liereyy · wall_segment Palisade Wall x1 |
| 13:15 | VIT Liereyy · wall_segment Palisade Wall x1 |
| 13:19 | VIT Liereyy · wall_segment Palisade Wall x1 |
| 13:24 | VIT Liereyy · wall_segment Palisade Wall x1 |
| 14:30 | VIT Liereyy · wall_segment Palisade Wall x1 |
| 14:30 | VIT Liereyy · wall_segment Palisade Wall x1 |
| 15:39 | VIT Liereyy · age_up castle |
| 16:30 | VIT Liereyy · first_building Siege Workshop |
| 17:32 | VIT Liereyy · first_building Barracks |
| 18:14 | VIT Liereyy · first_building Archery Range |
| 18:27 | flightlessbird · wall_segment Palisade Wall x1 |
| 18:37 | VIT Liereyy · wall_segment Palisade Wall x9 |
| 18:38 | flightlessbird · first_market_buy 100 food |
| 18:39 | flightlessbird · first_market_sell 100 stone |
| 20:21 | flightlessbird · age_up castle |
| 22:50 | flightlessbird · first_building Siege Workshop |
| 23:10 | flightlessbird · wall_segment Palisade Wall x1 |
| 23:42 | VIT Liereyy · tribute_sent a jugador 2 |
| 25:11 | VIT Liereyy · first_building Monastery |
| 27:52 | flightlessbird · resign |
[ AI ANALYSIS · 1 CREDIT ]
What really happened in this match?
Wolo.gg analyzes every decision: build order, eco, micro, common mistakes by bracket. Personalized analysis on WhatsApp or Discord in 30 seconds.
Civ guide
Bohemians
Perfil
Jugador #506898